 Dungeon Crawl Stone Soup version 0.29.1-1-gd02db6906a (webtiles) character file.

Game seed: 4494872546554029573

24 olmar the Shield-Bearer (level 3, 0/31 HPs)
             Began as a Meteoran Fighter on Oct 16, 2022.
             Slain by an ice beast (3 damage)
             ... on level 3 of the Dungeon.
             The game lasted 00:03:00 (290 turns).

olmar the Shield-Bearer (Meteoran Fighter)           Turns: 290, Time: 00:03:01

Health: 0/31       AC:  7    Str: 19    XL:     3   Next: 32%
Magic:  4/4        EV:  9    Int:  9    God:
Gold:   33         SH:  5    Dex: 14    Spells: 2/2 levels left

rFire   . . .      SeeInvis .   a - +0 flail
rCold   . . .      Faith    .   c - +0 buckler
rNeg    . . .      Spirit   .   b - +0 scale mail
rPois   .          Reflect  .   (no helmet)
rElec   .          Harm     .   (no cloak)
rCorr   .          Rampage  .   (no gloves)
Will    .....                   (no boots)
Stlth   ..........              (no amulet)
HPRegen 0.10/turn               (no ring)
MPRegen 0.09/turn               (no ring)

@: about to teleport, glowing
A: sense surroundings 1, otherworldly, glowing, explore regen
a: no special abilities


You were on level 3 of the Dungeon.
You visited 1 branch of the dungeon, and saw 3 of its levels.

You collected 33 gold pieces.

Inventory:

Hand Weapons
 a - a +0 flail (weapon)
Missiles
 e - 4 poisoned darts (quivered)
Armour
 b - a +0 scale mail (worn)
 c - a +0 buckler (worn)
Scrolls
 g - a scroll of enchant weapon {unknown}
Potions
 d - a potion of might


   Skills:
 + Level 3.5 Fighting
 + Level 3.2 Maces & Flails
 + Level 4.0 Armour
 + Level 4.1 Shields


You had 2 spell levels left.
You didn't know any spells.
Your spell library was empty.

Dungeon Overview and Level Annotations

Branches:
Dungeon (3/15) Zot: 1494

Altars:


Innate Abilities, Weirdness & Mutations

You passively map a small area around you.
You are easily found by Zot.
You glow in the dark.
You regain HP and MP as you explore.


Message History

You kill the hobgoblin!
Unknown command.
The frilled lizard bites you.
You aren't carrying any items that you can evoke.
Okay, then.
You aren't carrying any pieces of jewellery.
Unknown command.
You hit the frilled lizard.
You kill the frilled lizard!
Press: ? - help, v - describe, . - travel, g - get item
Here: an ice beast Item here: a hobgoblin corpse.
The floor.
Unknown command.
You hit the ice beast.
The ice beast is lightly wounded.
The ice beast closely misses you.
Unknown command.
You hit the ice beast.
The ice beast is moderately wounded.
The ice beast hits you. The ice beast freezes you!
You block the ice beast's attack.
Unknown command.
You barely miss the ice beast.
The ice beast is moderately wounded.
The ice beast hits you but does no damage.
You hit the ice beast but do no damage.
The ice beast is moderately wounded.
The ice beast hits you. The ice beast freezes you!
* * * LOW HITPOINT WARNING * * *
Unknown command.
You are too injured to fight recklessly!
Unknown command.
You are too injured to fight recklessly!
Unknown command.
Okay, then.
As you read the scroll labelled ZYGHUS WYBUEBB, it crumbles to dust.
You feel strangely unstable.
It was a scroll of teleportation.
The ice beast hits you.
You die...

* * * ..#.#, , ,
..#.#.# * * , * **
#.#.#.# * * *
#.#.#.# #.#.#.# *
# # #.#.#.######.
#.#.#.#.#.#......
* *
,#...<..........#
,*##......@..#...
*
#.##....Y.......,
,
........#†..≈≈≈≈≈
*
##########.....≈≈≈
, *....8.... ~
*.##...≈≈≈ ~ * * *
**. .≈≈≈≈≈ * ..
......, , , ,,
##.#


You could see an ice beast.

Vanquished Creatures
  2 worms (D:2)
  3 ball pythons
  An endoplasm (D:1)
  A giant cockroach (D:2)
  A goblin (D:1)
  2 hobgoblins (D:3)
  3 kobolds
  A bat (D:2)
  3 frilled lizards
  2 rats
19 creatures vanquished.

Notes
Turn   | Place    | Note
-------+----------+-------------------------------------------
     0 | D:1      | olmar the Meteoran Fighter began the quest for the Orb.
     0 | D:1      | Reached XP level 1. HP: 19/19 MP: 2/2
    60 | D:1      | Reached XP level 2. HP: 26/26 MP: 3/3
   230 | D:2      | Reached XP level 3. HP: 31/31 MP: 4/4
   278 | D:3      | Noticed an ice beast
   290 | D:3      | Slain by an ice beast

Illustrated notes

Levels and vault maps discovered:
D:1:      matt_arrival_refuge, layout_loops_ring,
          shapermc_ecumenical_altar_mp_highgroup
D:2:      layout_loops_ring
D:3:      layout_loops_ring, cheibrodos_worm_habitat,
          mainiacjoe_overflow_catwalk, nicolae_ashenzari_panopticon,
          st_stairs_12

Skill      XL: |  1  2  3 |
---------------+----------+-----
Armour         | 4 |  4.0
Maces & Flails | 3 |  3.2
Shields        | 4 |  4.1
Fighting       | |  3.5

Action                   || total
-------------------------++-------
Melee: Flail             ||    50
  Use: Scroll            ||     1
Armor: Scale mail        ||    20
Dodge: Dodged            ||    18
Block: Buckler           ||    15
